 Dungeon Crawl Stone Soup version 0.32-a0-361-g289a535e89 (webtiles) character file.

Game seed: 7582137308757001545

3998 cforsyth the Fighter (level 10, -15/81 HPs)
             Began as a Djinni Fire Elementalist on Feb 18, 2024.
             Demolished by a +3 spectral quarterstaff (17 damage)
             ... created by Joseph
             ... on level 8 of the Dungeon.
             The game lasted 00:15:31 (7656 turns).

cforsyth the Fighter (Djinni Fire Elementalist)     Turns: 7656, Time: 00:15:32

Health: -15/81     AC:  6    Str:  7    XL:     10   Next: 46%
Gold:   393        EV: 12    Int: 22    God:
                   SH:  0    Dex: 13

rFire   + + .        a - +6 whip of Calamity {freeze, SInv}
rCold   . . .        (no shield)
rNeg    . . .        s - +2 robe {rC+}
rPois   ∞            (no helmet)
rElec   .            t - +0 cloak
rCorr   .            r - +0 pair of gloves
SInv    +            (boots unavailable)
Will    ++...        (no amulet)
Stlth   ++           W - ring of willpower
HPRegen 0.33/turn    Z - ring of wizardry
MPRegen 0.00/turn

%: wizardry (x1), infuse magic (-16 HP)
@: flying, studying 2 skills
A: sickness immunity, fire resistance 2, cold vulnerability 1, float, innate
caster, HP casting, extra vitality 1
a: no special abilities


You were on level 8 of the Dungeon.
You visited 1 branch of the dungeon, and saw 8 of its levels.
You also visited: Bailey.

You collected 393 gold pieces.


Innate Abilities, Weirdness & Mutations

You are immune to sickness and miasma.
You are immune to poison.
Your flesh is very heat resistant. (rF++)
You are vulnerable to cold. (rC-)
You float through the air rather than walking.
You learn spells naturally, not from books.
Your magical power is your life essence.
You have superior vitality. (+4 MHP)


   Skills:
 + Level 10.4 Fighting
 - Level 2.1 Dodging
 - Level 1.5 Stealth
 + Level 8.5 Spellcasting
 + Level 8.5 Conjurations
 + Level 8.5 Hexes
 + Level 8.5 Summonings
 + Level 8.5 Necromancy
 + Level 8.5 Translocations
 + Level 8.5 Fire Magic
 + Level 8.5 Ice Magic
 + Level 8.5 Air Magic
 + Level 8.5 Earth Magic
 + Level 8.5 Alchemy


You knew the following spells:

 Your Spells              Type           Power      Damage    Failure   Level
a - Mercury Vapours       Alch/Air       92%        N/A       1%          2
b - Vhi's Electric Charg  Tloc/Air       92%        N/A       1%          4
f - Foxfire               Conj/Fire      100%       2x1d9     1%          1
m - Mephitic Cloud        Conj/Alch/Air  46%        N/A       1%          3
r - Inner Flame           Hex/Fire       46%        N/A       1%          3
z - Summon Small Mammal   Summ           100%       N/A       1%          1
X - Scorch                Fire           92%        2d8       1%          2
Y - Volatile Blastmotes   Fire/Tloc      92%        2d17      1%          3
Z - Flame Wave            Conj/Fire      46%        2d12      1%          4
Your spell library was empty.

Inventory:

Hand Weapons
 a - the +6 whip of Calamity (weapon) {freeze, SInv}
   (You found it on level 6 of the Dungeon)

   SInv:      It lets you see invisible.
Armour
 r - a +0 pair of gloves (worn)
 s - a +2 robe of cold resistance (worn)
 t - a +0 cloak (worn)
 w - a +0 helmet
 x - a +0 robe
Jewellery
 C - a ring of ice
 D - a +6 ring of dexterity
 W - a ring of willpower (left hand)
 Z - a ring of wizardry (right hand)
Wands
 l - a wand of charming (22)
 o - a wand of iceblast (24)
Scrolls
 e - a scroll of vulnerability
 k - a scroll of torment
 m - a scroll of blinking {unknown}
 p - a scroll of poison
 y - a scroll of summoning {unknown}
Potions
 b - 10 potions of curing {@q1}
 c - 2 potions of berserk rage {!q}
 d - 2 potions of cancellation
 f - a potion of resistance {unknown}
 g - 2 potions of enlightenment
 h - a potion of experience
 i - 2 potions of attraction {unknown}
 j - 2 potions of mutation {unknown}
 n - a potion of haste {unknown}
 q - a potion of magic {unknown}
 u - a potion of ambrosia {unknown}
 v - a potion of brilliance {unknown}

Dungeon Overview and Level Annotations

Branches:
Dungeon (8/15)             Temple (0/1) D:6          Bailey (visited)
   Lair: D:8-11

Altars:
Hepliaklqana
Ru
Uskayaw

Annotations:
D:8 Joseph

#############...#####...
........................
#############...........
.#######................
..........>.............
##.....#######..........
...##### #.#.#.#### ####
#.#[#.##### #
#.#@{...... ###
#.#y@#..... .... #....#
.... .### #....# ... ..#
#....# .# ..# #.$..# .
.... .....# #... #....$#
....


You could see Joseph (combustible), a hornet (inner flame, combustible) and a +3
spectral quarterstaff (wandering).


Message History

Confirm with . or Enter, or press ? or * to list all spells.
Flames lash Joseph.
Joseph is lightly wounded.
Joseph's fire resistance burns away.
* * * LOW HITPOINT WARNING * * *
The hornet closely misses you. The hornet stings you.
* * * LOW HITPOINT WARNING * * *
Casting: Scorch (safe; 1% risk of failure)
Confirm with . or Enter, or press ? or * to list all spells.
Flames lash the hornet.
Flame seeps out of the hornet.
The hornet is lightly wounded.
The hornet's fire resistance burns away.
* * * LOW HITPOINT WARNING * * *
The hornet is engulfed in blazing flames.
Flame seeps out of the hornet.
The hornet closely misses you.
Joseph zaps a wand.
The bolt of light hits you!
* * * LOW HITPOINT WARNING * * *
Unknown command.
Casting: Scorch (safe; 1% risk of failure)
Confirm with . or Enter, or press ? or * to list all spells.
Flames lash Joseph.
Joseph is burned terribly!
Joseph is lightly wounded.
* * * LOW HITPOINT WARNING * * *
The hornet is engulfed in blazing flames.
Flame seeps out of the hornet.
The hornet stings you but does no damage.
Joseph hits you with a +3 spectral quarterstaff!
* * * LOW HITPOINT WARNING * * *
The +3 spectral quarterstaff hits you!
You die...

Skill      XL: |  1  2  3  4  5  6  7  8  9 10 |
---------------+-------------------------------+-----
Fighting       | 1 2 4 5 7 9 10 | 10.4
Spellcasting   | 4 5 6 7 8 |  8.5
Conjurations   | 4 5 6 7 8 |  8.5
Hexes          | 4 5 6 7 8 |  8.5
Summonings     | 4 5 6 7 8 |  8.5
Necromancy     | 4 5 6 7 8 |  8.5
Translocations | 4 5 6 7 8 |  8.5
Fire Magic     | 4 5 6 7 8 |  8.5
Ice Magic      | 4 5 6 7 8 |  8.5
Air Magic      | 4 5 6 7 8 |  8.5
Earth Magic    | 4 5 6 7 8 |  8.5
Alchemy        | 4 5 6 7 8 |  8.5
Dodging        | |  2.1
Stealth        | |  1.5

Action                     |  1- 3 |  4- 6 |  7- 9 | 10-12 || total
---------------------------+-------+-------+-------+-------++-------
  Melee: Unarmed           |       |     1 |       |       ||     1
   Cast: Foxfire           |    62 |    99 |   208 |    47 ||   416
         Scorch            |     3 |     5 |    22 |    19 ||    49
         Inner Flame       |       |     2 |    15 |    13 ||    30
         Summon Small Mamm |       |       |     1 |     3 ||     4
    Use: Potion            |       |     1 |       |       ||     1
         Scroll            |       |       |    12 |       ||    12
 Armour: Robe              |     1 |     7 |    30 |    18 ||    56
  Dodge: Dodged            |     5 |     9 |    25 |    12 ||    51

Levels and vault maps discovered:
D:1:      dpeg_arrival_connections, layout_loops_ring,
          hellmonk_ecumenical_altar_leap_of_faith, grunt_decor_junction,
          grunt_decor_arrowhead
D:2:      layout_loops_cross, grunt_ministairs_8, uniq_crazy_yiuf_cottage,
          uniq_jessica, uniq_sigmund
D:3:      layout_rooms
D:4:      layout_loops_ring, nicolae_hepliaklqana_hazy_memory,
          nicolae_overflow_crystal_walls, corexii_item_surrounded_by_moat,
          nicolae_goblin_pals, uniq_ijyb
D:5:      layout_basic, nicolae_ru_sacrificial_ziggurat, st_stairs_11,
          minivault_5, uniq_grinder
D:6:      layout_gridville, minmay_temple_entry_from_below_a
D:7:      layout_loops_ring, lemuel_crystal_altar, enter_bailey_5,
          serial_bayou_lagoon_b, uniq_duvessa
D:8:      minmay_curly_fans, layout_rooms, uniq_joseph

Notes
Turn   | Place    | Note
-------+----------+-------------------------------------------
     0 | D:1      | cforsyth the Djinni Fire Elementalist began the quest for
                  | the Orb.
     0 | D:1      | cforsyth set off with the following spells memorised:
                  | Foxfire, Scorch, Volatile Blastmotes, Inner Flame, Flame
                  | Wave.
     0 | D:1      | Reached XP level 1. HP: 15/15 MP: 0/0
   124 | D:1      | Reached XP level 2. HP: 15/22 MP: 0/0
   179 | D:1      | Reached skill level 1 in Fighting
   454 | D:1      | Reached XP level 3. HP: 23/27 MP: 0/0
   454 | D:1      | Learned a level 1 spell: Summon Small Mammal
   669 | D:1      | Found a faded altar of an unknown god.
   840 | D:2      | Reached skill level 2 in Fighting
  1012 | D:2      | Reached XP level 4. HP: 33/33 MP: 0/0
  1038 | D:2      | Noticed Jessica
  1041 | D:2      | Killed Jessica
  1453 | D:2      | Noticed Sigmund
  1459 | D:2      | HP: 1/34 [Sigmund/+0 scythe (2)]
  1461 | D:2      | Killed Sigmund
  1462 | D:2      | Reached skill level 4 in Fighting
  1462 | D:2      | Reached skill level 4 in Spellcasting
  1462 | D:2      | Reached skill level 4 in Conjurations
  1462 | D:2      | Reached skill level 4 in Hexes
  1462 | D:2      | Reached skill level 4 in Summonings
  1462 | D:2      | Reached skill level 4 in Necromancy
  1462 | D:2      | Reached skill level 4 in Translocations
  1462 | D:2      | Reached skill level 4 in Fire Magic
  1462 | D:2      | Reached skill level 4 in Ice Magic
  1462 | D:2      | Reached skill level 4 in Air Magic
  1462 | D:2      | Reached skill level 4 in Earth Magic
  1462 | D:2      | Reached skill level 4 in Alchemy
  1462 | D:2      | Reached XP level 5. HP: 7/41 MP: 0/0
  1462 | D:2      | Learned a level 2 spell: Mercury Vapours
  1462 | D:2      | Reached XP level 6. HP: 8/47 MP: 0/0
  1799 | D:2      | Found a runed translucent door.
  1800 | D:2      | Noticed Crazy Yiuf
  2417 | D:4      | Reached XP level 7. HP: 42/53 MP: 0/0
  2417 | D:4      | Learned a level 3 spell: Mephitic Cloud
  2714 | D:4      | Found a hazy altar of Hepliaklqana.
  2782 | D:4      | Noticed Robin
  2784 | D:4      | Noticed Ijyb
  2893 | D:4      | Reached skill level 5 in Fighting
  2893 | D:4      | Reached skill level 5 in Spellcasting
  2893 | D:4      | Reached skill level 5 in Conjurations
  2893 | D:4      | Reached skill level 5 in Hexes
  2893 | D:4      | Reached skill level 5 in Summonings
  2893 | D:4      | Reached skill level 5 in Necromancy
  2893 | D:4      | Reached skill level 5 in Translocations
  2893 | D:4      | Reached skill level 5 in Fire Magic
  2893 | D:4      | Reached skill level 5 in Ice Magic
  2893 | D:4      | Reached skill level 5 in Air Magic
  2893 | D:4      | Reached skill level 5 in Earth Magic
  2893 | D:4      | Reached skill level 5 in Alchemy
  2971 | D:4      | Killed Robin
  3206 | D:5      | Entered Level 5 of the Dungeon
  3375 | D:5      | Reached XP level 8. HP: 47/61 MP: 0/0
  3463 | D:5      | Noticed Grinder
  3469 | D:5      | Killed Grinder
  3470 | D:5      | Reached skill level 6 in Fighting
  3530 | D:5      | Reached skill level 6 in Spellcasting
  3530 | D:5      | Reached skill level 6 in Conjurations
  3530 | D:5      | Reached skill level 6 in Hexes
  3530 | D:5      | Reached skill level 6 in Summonings
  3530 | D:5      | Reached skill level 6 in Necromancy
  3530 | D:5      | Reached skill level 6 in Translocations
  3530 | D:5      | Reached skill level 6 in Fire Magic
  3530 | D:5      | Reached skill level 6 in Ice Magic
  3530 | D:5      | Reached skill level 6 in Air Magic
  3530 | D:5      | Reached skill level 6 in Earth Magic
  3530 | D:5      | Reached skill level 6 in Alchemy
  3794 | D:5      | Reached skill level 7 in Fighting
  3896 | D:5      | Found a sacrificial altar of Ru.
  4259 | D:6      | Reached XP level 9. HP: 64/68 MP: 0/0
  4259 | D:6      | Learned a level 4 spell: Vhi's Electric Charge
  4290 | D:6      | Found a staircase to the Ecumenical Temple.
  4384 | D:6      | Identified the +6 whip of Calamity {freeze, SInv}
  4397 | D:6      | Reached skill level 8 in Fighting
  4832 | D:7      | Found a hide-covered altar of Uskayaw.
  4846 | D:7      | Reached skill level 7 in Spellcasting
  4846 | D:7      | Reached skill level 7 in Conjurations
  4846 | D:7      | Reached skill level 7 in Hexes
  4846 | D:7      | Reached skill level 7 in Summonings
  4846 | D:7      | Reached skill level 7 in Necromancy
  4846 | D:7      | Reached skill level 7 in Translocations
  4846 | D:7      | Reached skill level 7 in Fire Magic
  4846 | D:7      | Reached skill level 7 in Ice Magic
  4846 | D:7      | Reached skill level 7 in Air Magic
  4846 | D:7      | Reached skill level 7 in Earth Magic
  4846 | D:7      | Reached skill level 7 in Alchemy
  4997 | D:7      | Noticed Dowan
  4998 | D:7      | Noticed Duvessa
  5001 | D:7      | Killed Dowan
  5001 | D:7      | Killed Duvessa
  5034 | D:7      | Found a flagged portal.
  5133 | Bailey   | Entered a bailey
  5183 | Bailey   | Reached skill level 9 in Fighting
  5597 | Bailey   | Reached XP level 10. HP: 27/78 MP: 0/0
  6029 | Bailey   | Noticed an orc knight
  6035 | Bailey   | Killed an orc knight
  6036 | Bailey   | Reached skill level 10 in Fighting
  6036 | Bailey   | Reached skill level 8 in Spellcasting
  6036 | Bailey   | Reached skill level 8 in Conjurations
  6036 | Bailey   | Reached skill level 8 in Hexes
  6036 | Bailey   | Reached skill level 8 in Summonings
  6036 | Bailey   | Reached skill level 8 in Necromancy
  6036 | Bailey   | Reached skill level 8 in Translocations
  6036 | Bailey   | Reached skill level 8 in Fire Magic
  6036 | Bailey   | Reached skill level 8 in Ice Magic
  6036 | Bailey   | Reached skill level 8 in Air Magic
  6036 | Bailey   | Reached skill level 8 in Earth Magic
  6036 | Bailey   | Reached skill level 8 in Alchemy
  6998 | D:4      | Killed Ijyb
  7222 | D:2      | Killed Crazy Yiuf
  7648 | D:8      | Noticed Joseph
  7656 | D:8      | HP: 2/81 [Joseph/+3 spectral quarterstaff (15)]
  7656 | D:8      | Demolished by a +3 spectral quarterstaff

Vanquished Creatures
  An orc knight (Bailey)
  Grinder (D:5)
  Sigmund (D:2)
  A wyvern (D:8)
  A steam dragon (D:6)
  Duvessa (D:7)
  10 orc warriors
  A sky beast (D:6)
  2 ice beasts
  3 black bears (D:5)
  2 ogres
  A centaur (D:7)
  A kobold brigand (D:8)
  A scorpion (D:4)
  Dowan (D:7)
  A howler monkey (D:8)
  3 electric eels (D:7)
  A hound (D:5)
  3 jellies
  Crazy Yiuf (D:2)
  A gnoll bouda (D:5)
  Ijyb (D:4)
  Jessica (D:2)
  4 iguanas
  4 orc wizards
  Robin (D:4)
  6 adders
  A shadow imp (D:7)
  A ribbon worm (D:5)
  3 dart slugs
  21 orcs
  2 endoplasms
  3 giant cockroaches
  14 goblins
  8 hobgoblins
  9 jackals
  4 quokkas
  8 ball pythons
  7 bats
  2 frilled lizards
  6 kobolds
  6 rats
150 creatures vanquished.

Vanquished Creatures (collateral kills)
  6 foxfires (D:7)
6 creatures vanquished.

Vanquished Creatures (others)
  An endoplasm (D:4)
  700 foxfires
701 creatures vanquished.

Grand Total: 857 creatures vanquished

Table legend: (Time is in decaauts)
 A = Elapsed time spent in this place.
 B = Non-inter-level travel time spent in this place.
 C = Inter-level travel time spent in this place.
 D = Time resting spent in this place.
 E = Time spent auto-exploring this place.
 F = Levels seen in this place.
 G = Mean time per level.
                   A        B        C        D        E       F      G
               +--------+--------+--------+--------+--------+-----+--------+
         Total |   7659 |   7163 |    496 |   1038 |   4739 |   9 |  851.0 |
       Dungeon |   6517 |   6021 |    496 |    423 |   4517 |   8 |  814.6 |
        Bailey |   1142 |   1142 |      0 |    615 |    222 |   1 | 1142.0 |
               +--------+--------+--------+--------+--------+-----+--------+

Top non-repeatable levels by time:
     D:2: 1298 daAuts
  Bailey: 1142 daAuts
     D:5: 1103 daAuts
     D:7: 922 daAuts
     D:4: 867 daAuts
     D:1: 800 daAuts
     D:3: 799 daAuts
     D:6: 567 daAuts
     D:8: 157 daAuts

Table legend:
 A = Non-vault XP
 B = Vault XP
 C = Vault XP percentage of total XP
 D = Non-vault monster count
 E = Vault monster count
 F = Vault count percentage of total count
                 A         B        C        D         E       F
            +---------+---------+-------+---------+---------+-------
      Total |    2660 |    3052 |  53.4 |     106 |      45 |  29.8
            +---------+---------+-------+---------+---------+-------
        D:1 |      40 |       0 |   0.0 |      15 |       0 |   0.0
        D:2 |      58 |     315 |  84.5 |      14 |       5 |  26.3
        D:3 |      92 |       0 |   0.0 |      21 |       0 |   0.0
        D:4 |     201 |      70 |  25.8 |      16 |       7 |  30.4
        D:5 |     685 |     510 |  42.7 |      16 |       4 |  20.0
        D:6 |     639 |       0 |   0.0 |       6 |       0 |   0.0
        D:7 |     534 |     219 |  29.1 |      11 |       6 |  35.3
        D:8 |     411 |       0 |   0.0 |       7 |       0 |   0.0
     Bailey |       0 |    1938 | 100.0 |       0 |      23 | 100.0
            +---------+---------+-------+---------+---------+-------
